 Dungeon Crawl Stone Soup version 0.31.0-32-g396128a36d (webtiles) character file.

Game seed: 12341040134222244700

2699 spaghetti the Fighter (level 9, -1/60 (74) HPs)
             Began as a Demonspawn Chaos Knight on Mar 10, 2024.
             Was a Plaything of Xom.
             Slain by a hornet (13 damage)
             ... on level 7 of the Dungeon.
             The game lasted 00:09:14 (5706 turns).

spaghetti the Fighter (Demonspawn Chaos Knight)     Turns: 5706, Time: 00:09:15

HP:   -1/60 (74)    AC: 10    Str: 13    XL:     9   Next: 38%
MP:   16/16         EV: 11    Int: 17    God:    Xom [...*..]
Gold: 292           SH:  0    Dex: 12    Spells: 4/17 levels left

rFire   + . .        x - +5 glaive of the Guard {elec, spectral}
rCold   . . .        (shield currently unavailable)
rNeg    . . .        b - +2 leather armour
rPois   .            y - +1 helmet
rElec   .            o - +0 cloak
rCorr   .            (no gloves)
SInv    +            (boots unavailable)
Will    .....        p - amulet of magic regeneration
Stlth   +            m - ring of see invisible
HPRegen 0.30/turn    (no ring)
MPRegen 0.55/turn

%: no passive effects
@: heavily drained, inugami summoned
A: hooves 3, yellow scales 1, spiny 1, fire resistance 1, mutation resistance 1
a: Renounce Religion


You were on level 7 of the Dungeon.
You worshipped Xom.
You were a favourite toy of Xom.
You visited 1 branch of the dungeon, and saw 8 of its levels.

You collected 404 gold pieces.
You spent 112 gold pieces at shops.

Inventory:

Hand Weapons
 a - a +0 spear of chaos
 f - a +3 bardiche of venom
 x - the +5 glaive of the Guard (weapon) {elec, spectral}
   (You found it on level 5 of the Dungeon)
Missiles
 w - a throwing net (quivered)
Armour
 b - a +2 leather armour (worn)
 o - a +0 cloak (worn)
 y - a +1 helmet (worn)
Magical Staves
 g - a staff of air
Jewellery
 m - a ring of see invisible (left hand)
 n - a ring of willpower
 p - an amulet of magic regeneration (around neck)
 t - a ring of ice
Wands
 d - a wand of quicksilver (11)
 i - a wand of charming (5)
 k - a wand of digging (3)
Scrolls
 h - a scroll of torment
 q - 2 scrolls of silence
 s - a scroll of amnesia
 A - a scroll of teleportation
Potions
 e - a potion of heal wounds
 j - a potion of resistance
 l - 2 potions of curing
 r - a potion of brilliance {unknown}
 v - 2 potions of berserk rage {unknown}


   Skills:
 + Level 8.1 Fighting
 + Level 3.2 Polearms
 - Level 1.7 Armour
 - Level 0.8 Dodging
 + Level 4.8 Spellcasting
 - Level 5.0 Summonings
 + Level 2.1 Necromancy
 + Level 6.4 Evocations


You had 4 spell levels left.
You knew the following spells:

 Your Spells              Type           Power      Damage    Failure   Level
a - Call Canine Familiar  Summ           21%        N/A       7%          3
b - Martyr's Knell        Necr/Summ      16%        N/A       38%         4
c - Death Channel         Necr           5%         N/A       100%        6

Your spell library contained the following spells:

 Spells                   Type           Power      Damage    Failure   Level
 Cigotuvi's Dreadful Rot  Necr/Alch/Air  12%        N/A       22%         2
 Jinxbite                 Hex            8%         N/A       28%         2
 Sigil of Binding         Hex            4%         N/A       50%         3
 Dispel Undead            Necr           11%        3d9       61%         4
 Dimensional Bullseye     Hex/Tloc       2%         N/A       88%         4
 Yara's Violent Unravell  Hex/Alch       2%         3d3       99%         5
 Enfeeble                 Hex            2%         N/A       100%        7


Dungeon Overview and Level Annotations

Branches:
Dungeon (8/15)             Temple (0/1) D:7
   Lair: D:8-11

Altars:
Nemelex Xobeh
Xom

Shops:
D:2 !

Annotations:
D:3 2 transporters, spaghetti's ghost, amateur NaSu
D:6 Duvessa
D:7 Maggie


Innate Abilities, Weirdness & Mutations

You have hooves in place of feet.
You are partially covered in yellow scales. (AC +2)
You are partially covered in sharp spines.
Your flesh is heat resistant. (rF+)
You are somewhat resistant to further mutation.


Message History

The vampire mosquito closely misses your butterfly.
You climb upwards.
Your summoned allies are left behind.
Level annotation: Maggie Your familiar recovers from its injuries.
The wight is struck by your spines. The wight barely misses you.
There is a stone staircase leading down here.
Items here: )) [[.
Unknown command.
Unknown command.
The hornet attacks as it pursues you! The hornet is struck by your spines.
The hornet stings you.
You feel yourself slow down. The wight completely misses you.
The hornet is struck by your spines.
The hornet stings you but does no damage.
The hornet attacks as it pursues you! The hornet closely misses you.
The wight closely misses you. The hornet barely misses you.
Casting: Call Canine Familiar (dangerous; 7% risk of failure)
Confirm with . or Enter, or press ? or * to list all spells.
You call for your canine familiar and it appears with a howl!
You feel yourself speed up.
The hornet stings you but does no damage.
The hornet stings you!
You feel yourself slow down.
The yak gores your inugami but does no damage.
The hornet is struck by your spines.
The hornet stings you but does no damage.
Your inugami hits the hornet but does no damage.
The wight hits you from afar with a +5 spear of freezing.
* * * LOW HITPOINT WARNING * * *
You feel drained.
* * * LOW HITPOINT WARNING * * *
The wight freezes you.
* * * LOW HITPOINT WARNING * * *
Aiming: Charm
Press: ? - help, Shift-Dir - straight line, f - hornet
Aim: a hornet (lightly wounded, ally target, chance to affect: 55%)
The hornet resists with significant effort.
You feel yourself speed up.
The hornet stings you but does no damage.
The yak completely misses your inugami. The hornet stings you!
You die...
Xom cackles wildly!

....[.. #............ #.
....... ............ #
......[ #........... ## #
.......## #...........
##..#
........####..........
#....
.>........##..z......#
#.....
............#[>.....#
##......
........##..Yz#######
##.......
........#####hy@.###
##........ .......##
###....####.........
......#
########...##.........
##@...
###.......##............
###.#
##..........###..........
#.
#...........#####........
..
..............###........
.........................
.....##...#....##........


You could see a yak, a hornet (ally target), a wight and a friendly inugami
(summoned).

Vanquished Creatures
  Pikel (D:4)
  Grinder (D:5)
  Sigmund (D:5)
  Edmund (D:5)
  2 nameless horrors
  A black bear (D:5)
  A sky beast (D:7)
  An ice beast (D:5)
  An ogre (D:5)
  A kobold brigand (D:7)
  2 phantoms
  3 scorpions
  3 wights (D:7)
  Dowan (D:6)
  3 hounds
  A jelly (D:6)
  2 orc priests
  2 bombardier beetles (D:3)
  A gnoll bouda (D:5)
  Ijyb (D:5)
  Natasha (thrice) (D:3)
  3 iguanas
  An orc wizard (D:5)
  8 gnolls (D:5)
  9 adders
  A dart slug (D:2)
  6 orcs
  6 endoplasms
  A giant cockroach (D:2)
  7 goblins
  8 hobgoblins
  19 jackals
  9 kobolds
  6 quokkas
  10 ball pythons
  7 bats
  5 frilled lizards
  7 rats
146 creatures vanquished.

Vanquished Creatures (collateral kills)
  A phantom (D:5)
  A nameless horror (D:5)
  An orc wizard (D:5)
  3 orcs
  A kobold (D:7)
7 creatures vanquished.

Vanquished Creatures (others)
  A rat zombie (D:2)
  A spectral weapon (D:5)
2 creatures vanquished.

Grand Total: 155 creatures vanquished

Notes
Turn   | Place    | Note
-------+----------+-------------------------------------------
     0 | D:1      | spaghetti the Demonspawn Chaos Knight began the quest for
                  | the Orb.
     0 | D:1      | Reached XP level 1. HP: 18/18 MP: 1/1
    56 | D:1      | XOM: potion effect (heal wounds)
    76 | D:2      | Gained mutation: You have large cloven feet. [demonic
                  | ancestry]
    76 | D:2      | Reached XP level 2. HP: 21/24 MP: 2/2
   125 | D:1      | XOM: divination: detect creatures
   150 | D:1      | Found a faded altar of an unknown god.
   416 | D:1      | Reached skill level 4 in Fighting
   677 | D:1      | Reached XP level 3. HP: 28/30 MP: 3/3
   804 | D:1      | XOM: silly message
  1016 | D:2      | XOM: silly message
  1210 | D:2      | XOM: 1-stop teleportation journey
  1555 | D:2      | Found Elupalus's Distillery.
  1565 | D:2      | Bought a potion of curing for 42 gold pieces
  1565 | D:2      | Bought a potion of heal wounds for 70 gold pieces
  1842 | D:3      | Gained mutation: You have hoof-like feet. [demonic
                  | ancestry]
  1842 | D:3      | Reached XP level 4. HP: 29/38 MP: 4/4
  1849 | D:3      | Reached skill level 5 in Fighting
  1849 | D:3      | Reached skill level 1 in Evocations
  1905 | D:3      | Found a transporter.
  1907 | D:3      | Noticed spaghetti's ghost (amateur NaSu)
  2038 | D:3      | Reached XP level 5. HP: 19/44 MP: 5/5
  2211 | D:3      | Noticed Natasha
  2220 | D:3      | Killed Natasha
  2287 | D:3      | Noticed Natasha
  2295 | D:3      | Killed Natasha
  2335 | D:3      | XOM: chaos cloud
  2534 | D:3      | Noticed Natasha
  2536 | D:3      | Found a transporter.
  2541 | D:3      | Killed Natasha
  2542 | D:3      | Gained mutation: You are partially covered in sharp spines.
                  | [demonic ancestry]
  2542 | D:3      | Reached XP level 6. HP: 50/52 MP: 6/6
  2671 | D:3      | Learned a level 3 spell: Call Canine Familiar
  2975 | D:4      | Reached skill level 6 in Fighting
  3093 | D:4      | Noticed Pikel
  3093 | D:4      | XOM: swap monsters
  3100 | D:4      | Reached skill level 1 in Spellcasting
  3100 | D:4      | Reached skill level 1 in Summonings
  3101 | D:4      | Identified a scroll of acquirement
  3101 | D:4      | Acquired a +2 bardiche of venom
  3101 | D:4      | XOM: smoke on damage
  3421 | D:4      | XOM: fog
  3495 | D:4      | Noticed a nameless horror
  3498 | D:4      | Killed a nameless horror
  3503 | D:4      | Killed Pikel
  3504 | D:4      | Gained mutation: You are partially covered in yellow
                  | scales. (AC +2) [demonic ancestry]
  3504 | D:4      | Reached XP level 7. HP: 14/59 MP: 8/11
  3547 | D:4      | XOM: scenery: create altars
  3904 | D:4      | XOM: god gift: runed dagger {god gift}
  4060 | D:5      | Entered Level 5 of the Dungeon
  4071 | D:5      | Reached XP level 8. HP: 52/65 MP: 12/12
  4081 | D:5      | Found a sparkling altar of Nemelex Xobeh.
  4270 | D:5      | XOM: fog
  4272 | D:5      | Reached skill level 7 in Fighting
  4272 | D:5      | Reached skill level 5 in Evocations
  4466 | D:5      | Noticed Edmund
  4490 | D:5      | XOM: summons friendly white imp
  4509 | D:5      | Killed Edmund
  4641 | D:5      | Noticed Grinder
  4648 | D:5      | Killed Grinder
  4692 | D:5      | Noticed Sigmund
  4698 | D:5      | Killed Sigmund
  4703 | D:5      | Reached XP level 9. HP: 59/73 MP: 15/15
  4708 | D:5      | Learned a level 4 spell: Martyr's Knell
  4708 | D:5      | Noticed Ijyb
  4758 | D:5      | XOM: give mutations
  4758 | D:5      | Gained mutation: You have hooves in place of feet. [Xom's
                  | grace]
  4758 | D:5      | Gained mutation: Your flesh is heat resistant. (rF+) [Xom's
                  | grace]
  4758 | D:5      | Gained mutation: You are somewhat resistant to further
                  | mutation. [Xom's grace]
  4759 | D:5      | Killed Ijyb
  4797 | D:5      | Found the +5 glaive of the Guard {elec, spectral}
  4926 | D:5      | Learned a level 6 spell: Death Channel
  4983 | D:5      | XOM: silly message
  5064 | D:6      | Noticed Duvessa
  5064 | D:6      | Noticed Dowan
  5081 | D:6      | Killed Dowan
  5082 | D:6      | Reached skill level 1 in Necromancy
  5153 | D:6      | Reached skill level 5 in Summonings
  5198 | D:7      | Reached skill level 8 in Fighting
  5337 | D:7      | Found a staircase to the Ecumenical Temple.
  5375 | D:7      | Noticed a nameless horror
  5378 | D:7      | Killed a nameless horror
  5679 | D:7      | Noticed Maggie
  5682 | D:7      | XOM: smoke on damage
  5706 | D:7      | Slain by a hornet

Illustrated notes

Levels and vault maps discovered:
D:1:      mainiacjoe_arrival_reflecting_pool, layout_basic,
          hellmonk_ecumenical_altar_leap_of_faith
D:2:      layout_loops_corners, serial_shops, shop
D:3:      layout_loops_ring, gammafunk_ghost_mausoleum, roderic_malta_cross,
          uniq_natasha
D:4:      layout_cave_pools, uniq_pikel
D:5:      layout_rooms, nemelex_diamond_rough_becter, uniq_edmund, uniq_grinder,
          uniq_sigmund, uniq_ijyb
D:6:      layout_cave_pools, uniq_duvessa
D:7:      layout_cave_pods, minmay_temple_entry_ruins, uniq_maggie
D:8:      layout_loops_cross, serial_shops, shop, grunt_ministairs_9,
          nicolae_transmutations_shop, uniq_erica, uniq_prince_ribbit1

Skill      XL: |  1  2  3  4  5  6  7  8  9 |
---------------+----------------------------+-----
Fighting       | 4 5 6 7 8 |  8.1
Evocations     | 2 3 4 6 |  6.4
Spellcasting   | 2 4 |  4.8
Summonings     | 3 4 5 |  5.0
Necromancy     | 2 |  2.1
Polearms       | 3 |  3.2
Armour         | |  1.7
Dodging        | |  0.8

Action                     |  1- 3 |  4- 6 |  7- 9 || total
---------------------------+-------+-------+-------++-------
  Melee: Spear             |   159 |   112 |       ||   271
         Kick              |    21 |    25 |    22 ||    68
         Punch             |     1 |     2 |       ||     3
         Bardiche          |       |    23 |    63 ||    86
         Glaive            |       |       |    35 ||    35
  Throw: Throwing net      |       |       |     1 ||     1
   Cast: Call Canine Famil |       |     1 |    14 ||    15
  Evoke: Wand              |       |     2 |     5 ||     7
    Use: Scroll            |       |     8 |     8 ||    16
         Potion            |       |       |     5 ||     5
   Stab: Sleeping          |     2 |     1 |       ||     3
         Distracted        |       |     1 |       ||     1
 Armour: Leather armour    |    81 |    74 |   113 ||   268
  Dodge: Dodged            |    93 |    51 |    69 ||   213
